 Dungeon Crawl Stone Soup version 0.31.0-11-ge490571c62 (webtiles) character file.

Game seed: 3991964135376029999

30 qw the Shooter (level 3, 0/18 HPs)
             Began as a Spriggan Hunter on Feb 3, 2024.
             Succumbed to their own poison gas
             ... on level 4 of the Dungeon.
             The game lasted 00:00:02 (951 turns).

qw the Shooter (Spriggan Hunter)                     Turns: 951, Time: 00:00:03

Health: 0/18       AC:  2    Str:  7    XL:     3   Next: 3%
Magic:  4/4        EV: 19    Int: 10    God:
Gold:   128        SH:  0    Dex: 20    Spells: 2/2 levels left

rFire   . . .        a - +0 shortbow
rCold   . . .        (shield currently unavailable)
rNeg    . . .        c - +0 robe
rPois   .            (helmet restricted)
rElec   .            (no cloak)
rCorr   +            (gloves unavailable)
SInv    +            (boots unavailable)
Will    .....        (no amulet)
Stlth   ++           e - ring of resist corrosion
HPRegen 0.23/turn    (no ring)
MPRegen 0.09/turn

%: no passive effects
@: lethally poisoned (0 -> -1), very quick
A: very small, no large weapons, unfitting armour, see invisible, speed 3
a: no special abilities


You were on level 4 of the Dungeon.
You visited 1 branch of the dungeon, and saw 3 of its levels.

You collected 128 gold pieces.


Innate Abilities, Weirdness & Mutations

You are very small and have problems with some larger weapons.
You are too small for most types of armour.
You have supernaturally acute eyesight. (SInv)
You cover ground extremely quickly. (Speed+++)


   Skills:
 - Level 1.5 Fighting
 + Level 4.4 Ranged Weapons
 - Level 4.0 Dodging
 - Level 1.5 Stealth


You had 2 spell levels left.
You didn't know any spells.
Your spell library was empty.

Inventory:

Hand Weapons
 a - a +0 shortbow (weapon)
Armour
 c - a +0 robe (worn)
Jewellery
 e - a ring of resist corrosion (left hand)
Scrolls
 g - 2 scrolls of teleportation
Potions
 d - a potion of enlightenment
 f - a potion of curing {unknown}
 h - a potion of attraction {unknown}

Dungeon Overview and Level Annotations

Branches:
Dungeon (4/15)
 Temple: D:4-7

Altars:
Gozag


Message History

Enter note:
Found a flux talisman.
Enter note: You open the door.
There is an open door here.
A malevolent force fills the Dungeon...
You fall into a shaft and drop 2 floors!
The shaft crumbles and collapses.
Found an opulent altar of Gozag.
Found a stone staircase leading up.
Waypoint 2 assigned to D:4.
939 ||| UPGRADING to ring of resist corrosion.
e - a ring of resist corrosion (left hand)
940 ||| READING scroll labelled VEYHUY TAME.
The air fills with toxic fumes!
As you read the scroll labelled VEYHUY TAME, it crumbles to dust.
It was a scroll of poison.
What level of the Dungeon? (default 2, ? - help) Sorry, I don't know how to get there.
You are engulfed in poison gas.
You are poisoned.
You feel very sick.
942 ||| Stepping ~*~*~tactically~*~*~ (cloud).
You feel sick.
There is a lethal amount of poison in your body!
You feel sick.
There is a lethal amount of poison in your body!
You feel very sick.
There is a lethal amount of poison in your body!
You feel sick.
There is a lethal amount of poison in your body!
You feel sick.
There is a lethal amount of poison in your body!
You feel sick.
There is a lethal amount of poison in your body!
You feel sick.
There is a lethal amount of poison in your body!
You feel sick.
There is a lethal amount of poison in your body!
You feel sick.
There is a lethal amount of poison in your body!
You die...

##........#
#¤00.¤¤¤0¤# #
.00¤¤0¤¤.#
.##.
0¤0¤00¤¤#
..0.##¤000¤0#
.00¤¤#0¤0000#
#000¤¤00¤00#
#¤0¤0.000#
###0@¤..0#
#¤.¤00¤#
#.¤0¤00#
#¤¤¤¤.0¤¤.


0¤¤0000¤¤¤ ¤00¤¤0.00.0. #¤00¤00000.0. #....!...... There were no monsters in
sight!

Vanquished Creatures
  2 dart slugs (D:2)
  2 bats (D:1)
  5 endoplasms
  A giant cockroach (D:1)
  3 hobgoblins
  A kobold (D:2)
  A quokka (D:1)
  3 ball pythons
  2 frilled lizards
  A goblin (D:2)
  2 rats
23 creatures vanquished.

Notes
Turn   | Place    | Note
-------+----------+-------------------------------------------
     0 | D:1      | qw the Spriggan Hunter began the quest for the Orb.
     0 | D:1      | Reached XP level 1. HP: 10/10 MP: 2/2
     0 | D:1      | 0 ||| qw: Version: 0.3-a-157-g843a77d
     0 | D:1      | 0 ||| qw: Game counter: 3942
     0 | D:1      | 0 ||| qw: Melee chars always use a shield: true
     0 | D:1      | 0 ||| qw: God list: Okawaru
     0 | D:1      | 0 ||| qw: Allow faded altars: false
     0 | D:1      | 0 ||| qw: Do Orc after clearing Dungeon:15 true
     0 | D:1      | 0 ||| qw: Do second Lair branch before Depths: true
     0 | D:1      | 0 ||| qw: Lair rune preference: random
     0 | D:1      | 0 ||| qw: Goals: Normal
     0 | D:1      | 0 ||| PLANNING D:1-11
   110 | D:1      | Reached skill level 3 in Dodging
   212 | D:1      | Reached XP level 2. HP: 14/14 MP: 3/3
   723 | D:1      | 723 ||| READING scroll labelled WICLAR VUSMAJ.
   724 | D:1      | 724 ||| READING scroll labelled BEXIXT WICWEOS.
   724 | D:1      | 724 ||| IDENTIFYING green potion
   725 | D:1      | 725 ||| READING 3 scrolls labelled FEFUIS VUPLANO.
   730 | D:1      | 730 ||| DROPPING scroll of butterflies.
   839 | D:2      | Reached XP level 3. HP: 18/18 MP: 4/4
   938 | D:2      | You fall into a shaft and drop 2 floors!
   938 | D:4      | Found an opulent altar of Gozag.
   939 | D:4      | 939 ||| UPGRADING to ring of resist corrosion.
   940 | D:4      | 940 ||| READING scroll labelled VEYHUY TAME.
   942 | D:4      | 942 ||| Stepping ~*~*~tactically~*~*~ (cloud).
   946 | D:4      | HP: 4/18 [poisoned by you (poison gas)]
   950 | D:4      | HP: 1/18 [poisoned by you (poison gas)]
   951 | D:4      | Succumbed to their own poison gas

Levels and vault maps discovered:
D:1:      zaba_arrival_water, layout_basic, ebering_dispersal_statue_hall
D:2:      layout_basic
D:4:      layout_rooms, nicolae_gozag_seed_capital, amcnicky_mini_pool_small

Skill      XL: |  1  2 |
---------------+-------+-----
Dodging        | 3 4 |  4.0
Fighting       | |  1.5
Ranged Weapons | |  4.4
Stealth        | |  1.5

Action                     || total
---------------------------++-------
   Fire: Shortbow          ||    58
    Use: Scroll            ||     4
  Dodge: Dodged            ||    21

Table legend:
 A = Non-vault XP
 B = Vault XP
 C = Vault XP percentage of total XP
 D = Non-vault monster count
 E = Vault monster count
 F = Vault count percentage of total count
                 A         B        C        D         E       F
            +---------+---------+-------+---------+---------+-------
      Total |      43 |       0 |   0.0 |      23 |       0 |   0.0
            +---------+---------+-------+---------+---------+-------
        D:1 |      20 |       0 |   0.0 |      12 |       0 |   0.0
        D:2 |      23 |       0 |   0.0 |      11 |       0 |   0.0
            +---------+---------+-------+---------+---------+-------
